 Dungeon Crawl Stone Soup version 0.32-a0-646-g91cf321817 (webtiles) character file.

Game seed: 16569028511620799885

1250 mrali the Chopper (level 8, -3/70 HPs)
             Began as a Mountain Dwarf Fighter on Mar 7, 2024.
             Was a Believer of Nemelex Xobeh.
             Slain by a gnoll sergeant
             ... wielding a +2 spear of venom
              (5 damage)
             ... on level 6 of the Dungeon on Mar 8, 2024.
             The game lasted 00:36:40 (5527 turns).

mrali the Chopper (Mountain Dwarf Fighter)          Turns: 5527, Time: 00:36:41

Health: -3/70      AC: 12    Str: 21    XL:     8   Next: 26%
Magic:  10/10      EV:  6    Int:  9    God:    Nemelex Xobeh [**....]
Gold:   260        SH:  5    Dex:  9    Spells: 7/7 levels left

rFire   . . .        a - +0 war axe
rCold   . . .        c - +0 buckler
rNeg    . . .        q - +0 plate armour
rPois   .            (no helmet)
rElec   .            (no cloak)
rCorr   .            (no gloves)
SInv    .            (no boots)
Will    .....        (no amulet) Stlth
                     (no ring)
HPRegen 0.31/turn    (no ring)
MPRegen 0.12/turn

%: no passive effects
@: lethally poisoned (-3 -> -32)
A: runic magic, artefact enchanting
a: Renounce Religion, Draw Escape, Draw Destruction, Draw Summoning


You were on level 6 of the Dungeon.
You worshipped Nemelex Xobeh.
Nemelex Xobeh was pleased with you.
You visited 2 branches of the dungeon, and saw 7 of its levels.

You collected 296 gold pieces.
You spent 36 gold pieces at shops.

Inventory:

Hand Weapons
 a - a +0 war axe (weapon)
 d - a +0 shortbow
 n - a +6 club
Missiles
 x - a throwing net
 y - 2 silver javelins (quivered)
Armour
 b - a +0 scale mail
 c - a +0 buckler (worn)
 e - a +0 tower shield
 q - a +0 plate armour (worn)
Jewellery
 i - a ring of positive energy
 v - an amulet of guardian spirit
Wands
 r - a wand of charming (9)
 t - a wand of flame (16)
Scrolls
 g - 6 scrolls of identify {unknown}
 j - 5 scrolls of teleportation {unknown}
 o - 2 scrolls of noise {unknown}
 s - 2 scrolls of revelation {unknown}
 u - a scroll of fear {unknown}
 w - a scroll of torment {unknown}
Potions
 f - a potion of attraction
 h - a potion of might
 k - a potion of degeneration {unknown}
 l - a potion of lignification {unknown}
 p - a potion of brilliance {unknown}
 z - a potion of ambrosia {unknown}
 A - a potion of enlightenment {unknown}


   Skills:
 + Level 5.9 Fighting
 - Level 7.0 Axes
 + Level 5.9 Armour
 + Level 5.9 Shields
 + Level 3.3 Invocations


You had 7 spell levels left.
You didn't know any spells.
Your spell library contained the following spells:

 Spells                   Type           Power      Damage    Failure   Level
 Sublimation of Blood     Necr           0%         N/A       83%         2
 Dazzling Flash           Conj/Hex       0%         N/A       97%         3
 Volatile Blastmotes      Fire/Tloc      0%         2d10      97%         3
 Petrify                  Alch/Erth      0%         N/A       100%        4
 Irradiate                Conj/Alch      0%         3d11      100%        5
 Starburst                Conj/Fire      0%         6d3       100%        6
 Maxwell's Capacitive Co  Air            0%         ∞         100%        8


Dungeon Overview and Level Annotations

Branches:
Dungeon (6/15)             Temple (1/1) D:4

Altars:
Ashenzari
Elyvilon
Fedhas
Gozag
Hepliaklqana
Kikubaaqudgha
Makhleb
Nemelex Xobeh
Okawaru
Sif Muna
Trog
Uskayaw
Vehumet
Wu Jian
Xom
The Shining One

Shops:
D:2 !

Annotations:
D:2 1 runed translucent door, Crazy Yiuf


Innate Abilities, Weirdness & Mutations

Your spellcasting is much less encumbered by armour.
You can use scrolls of enchantment on lesser artefacts.


Message History

You are too injured to fight recklessly!
You are too injured to fight recklessly!
You are too injured to fight recklessly!
You are too injured to fight recklessly!
You are too injured to fight recklessly!
You are too injured to fight recklessly!
You hit the gnoll sergeant but do no damage.
The gnoll sergeant is moderately wounded.
You feel extremely sick.
The gnoll sergeant hits you but does no damage.
You are lethally poisoned!
The gnoll sergeant barely misses you.
You barely miss the gnoll sergeant.
The gnoll sergeant is lightly wounded.
* * * LOW HITPOINT WARNING * * *
You feel extremely sick.
The gnoll sergeant hits you with a +2 spear of venom.
* * * LOW HITPOINT WARNING * * *
You are more poisoned.
You feel much better.
You feel extremely sick.
The gnoll sergeant hits you with a +2 spear of venom.
* * * LOW HITPOINT WARNING * * *
You are more poisoned.
You draw a card...
You have drawn Wild Magic.
The gnoll sergeant lurches violently.
The gnoll looks off-balance for a moment.
The gnoll seems to slow down.
The gnoll looks incredibly sick.
The gnoll is poisoned.
The gnoll bobs in the air for a moment.
You feel a surge of magic.
* * * LOW HITPOINT WARNING * * *
You feel extremely sick.
The gnoll sergeant hits you with a +2 spear of venom.
* * * LOW HITPOINT WARNING * * *
You are more poisoned.
* * * LOW HITPOINT WARNING * * *
You feel extremely sick.
The gnoll sergeant hits you from afar with a +2 spear of venom.
You die...
Your body disappears without a glow.

#.##...............##
##.##.###.))...###....
#.........)###.# #.>..
#..........###.#######
#...............# #
#...ggg.........# #
##.##g###.......# #
#.# ######### # #@# #
#)# # #.# ..# #.# #.#
#.# #.#


You could see a gnoll sergeant and 3 gnolls.

Vanquished Creatures
  Sigmund (D:5)
  An ice beast (D:3)
  2 ogres
  A phantom (D:6)
  2 scorpions
  A howler monkey (D:5)
  A bombardier beetle (D:4)
  4 hounds
  Ijyb (D:3)
  Jessica (D:2)
  4 iguanas
  2 orc wizards (D:5)
  Robin (D:2)
  6 gnolls (D:6)
  6 adders
  A shadow imp (D:5)
  A dart slug (D:2)
  2 ribbon worms
  12 orcs
  3 endoplasms
  3 giant cockroaches
  24 goblins
  3 hobgoblins
  14 jackals
  6 kobolds
  2 quokkas
  6 ball pythons
  14 bats
  6 frilled lizards
  3 rats
134 creatures vanquished.

Notes
Turn   | Place    | Note
-------+----------+-------------------------------------------
     0 | D:1      | mrali the Mountain Dwarf Fighter began the quest for the
                  | Orb.
     0 | D:1      | Reached XP level 1. HP: 19/19 MP: 1/1
   304 | D:1      | Reached XP level 2. HP: 24/26 MP: 2/2
   326 | D:1      | Reached skill level 3 in Axes
   949 | D:2      | Reached XP level 3. HP: 31/31 MP: 3/3
  1171 | D:2      | Noticed Jessica
  1184 | D:2      | HP: 1/33 [Jessica/nerve-wracking pain (12)]
  1185 | D:2      | Killed Jessica
  1186 | D:2      | Reached XP level 4. HP: 2/40 MP: 4/4
  1357 | D:2      | Found a runed translucent door.
  1358 | D:2      | Noticed Crazy Yiuf
  1469 | D:2      | Reached skill level 4 in Axes
  1525 | D:2      | Noticed Robin
  1538 | D:2      | Killed Robin
  1937 | D:2      | Found Koicyam's Distillery.
  1948 | D:2      | Bought a potion of curing for 36 gold pieces
  2096 | D:3      | Reached XP level 5. HP: 46/46 MP: 5/5
  2101 | D:3      | Noticed an ice beast
  2115 | D:3      | Killed an ice beast
  2286 | D:3      | Reached skill level 5 in Axes
  2430 | D:3      | Upgraded the game from 0.32-a0-636-g4925a30cd0 to
                  | 0.32-a0-646-g91cf321817
  2636 | D:3      | Noticed Ijyb
  2686 | D:3      | Killed Ijyb
  2687 | D:3      | Reached XP level 6. HP: 39/53 MP: 6/6
  3266 | D:4      | Found a staircase to the Ecumenical Temple.
  3275 | Temple   | Entered the Ecumenical Temple
  3477 | Temple   | Became a worshipper of Nemelex Xobeh the Trickster
  3903 | D:4      | Reached * piety under Nemelex Xobeh
  4101 | D:5      | Entered Level 5 of the Dungeon
  4101 | D:5      | Noticed Sigmund
  4338 | D:5      | Reached skill level 6 in Axes
  4338 | D:5      | Reached XP level 7. HP: 47/60 MP: 7/7
  4356 | D:5      | Received a gift from Nemelex Xobeh
  4386 | D:5      | Reached skill level 5 in Fighting
  4386 | D:5      | Reached skill level 5 in Armour
  4386 | D:5      | Reached skill level 5 in Shields
  4467 | D:5      | Received a gift from Nemelex Xobeh
  4639 | D:5      | Found a burning altar of Makhleb.
  4708 | D:5      | Killed Sigmund
  4709 | D:5      | Reached skill level 1 in Invocations
  4822 | D:6      | Reached skill level 7 in Axes
  4992 | D:6      | Reached XP level 8. HP: 55/69 MP: 9/9
  5082 | D:6      | Reached ** piety under Nemelex Xobeh
  5527 | D:6      | HP: 2/70 [poisoned by a gnoll sergeant]
  5527 | D:6      | Slain by a gnoll sergeant

Illustrated notes

Levels and vault maps discovered:
D:1:      mainiacjoe_arrival_oval_in_oval, layout_basic
D:2:      layout_loops_ring, serial_shops, shop, st_stairs_13,
          kennysheep_decorative_pillar, uniq_robin, uniq_jessica,
          uniq_crazy_yiuf_cottage
D:3:      kennysheep_goblin_castle, layout_basic, bh_walls_and_bars
D:4:      layout_basic, minmay_temple_entry_junction
D:5:      layout_rooms, lemuel_doored_altar, uniq_ijyb, uniq_sigmund
D:6:      layout_basic, grunt_ministairs_2, roderic_batcave
Temple:   bh_familiar_temple

Skill      XL: |  1  2  3  4  5  6  7  8 |
---------------+-------------------------+-----
Axes           | 3 4 5 6 7 |  7.0
Shields        | 4 5 |  5.9
Fighting       | 4 5 |  5.9
Armour         | 4 5 |  5.9
Invocations    | 2 3 |  3.3

Action                     |  1- 3 |  4- 6 |  7- 9 || total
---------------------------+-------+-------+-------++-------
  Melee: War axe           |    90 |   221 |   124 ||   435
  Throw: Javelin           |       |       |     2 ||     2
 Invoke: Draw Destruction  |       |       |     5 ||     5
         Draw Escape       |       |       |     3 ||     3
    Use: Potion            |       |     6 |     1 ||     7
 Armour: Scale mail        |    76 |   112 |       ||   188
         Plate armour      |       |   184 |   122 ||   306
  Dodge: Dodged            |    50 |   119 |    50 ||   219
  Block: Buckler           |    17 |    60 |    21 ||    98

Table legend: (Time is in decaauts)
 A = Elapsed time spent in this place.
 B = Non-inter-level travel time spent in this place.
 C = Inter-level travel time spent in this place.
 D = Time resting spent in this place.
 E = Time spent auto-exploring this place.
 F = Levels seen in this place.
 G = Mean time per level.
                   A        B        C        D        E       F      G
               +--------+--------+--------+--------+--------+-----+--------+
         Total |   5649 |   5491 |    158 |    399 |   3500 |   7 |  807.0 |
       Dungeon |   5418 |   5288 |    130 |    399 |   3500 |   6 |  903.0 |
        Temple |    231 |    203 |     28 |      0 |      0 |   1 |  231.0 |
               +--------+--------+--------+--------+--------+-----+--------+

Top non-repeatable levels by time:
     D:2: 1150 daAuts
     D:3: 1072 daAuts
     D:1: 972 daAuts
     D:4: 863 daAuts
     D:6: 812 daAuts
     D:5: 546 daAuts
  Temple: 231 daAuts
